 Dungeon Sprint DCSS version 0.17-a0-2208-ge5ab1d3 (webtiles) character file.

32 esc the Skirmisher (level 3, 0/42 HPs)
             Began as an Ogre Hunter on Oct 26, 2015.
             Succumbed to Crazy Yiuf's poison
             ... in the Dungeon (Sprint III: "The Ten Rune Challenge").
             The game lasted 00:01:04 (87 turns).

esc the Skirmisher (Ogre Hunter)                      Turns: 87, Time: 00:01:04

Health: 0/42       AC:  3    Str: 17    XL:     3   Next: 25%
Magic:  3/3        EV: 11    Int: 10    God:
Gold:   0          SH:  0    Dex: 11    Spells: 0 memorised, 2 levels left

rFire  . . .     SeeInvis .     c - +0 short sword
rCold  . . .     Clarity  .     d - +0 robe
rNeg   . . .     SustAt   .     (no shield)
rPois  .         Gourm    .     (helmet restricted)
rElec  .         Spirit   .     (no cloak)
rCorr  .         Warding  .     (gloves unavailable)
rMut   .         NoTele   +     (boots unavailable)
MR     .....                    (no amulet)
Stlth  +.........               (no ring)
                                (no ring)

@: lethally poisoned (0 -> -27), not resistant to hostile enchantments, very
unstealthy
A: unfitting armour, tough skin 1
a: no special abilities


You were in the Dungeon.
You were not hungry.

You visited 1 branch

Inventory:

Hand Weapons
 c - a +0 short sword (weapon)
Missiles
 b - 2 throwing nets {=f, !d}
Armour
 d - a +0 robe (worn)
Wands
 m - a wand of digging (9)
   (You took it off Jessica in the Dungeon)
Scrolls
 k - a scroll of blinking {!r}
Potions
 f - a potion of curing
 g - a potion of heal wounds
 h - a potion of haste
 i - 2 potions of magic
 j - a potion of berserk rage {!q}
 l - a potion of agility {unknown}
 n - a potion of might {unknown}
Comestibles
 e - a bread ration {@e1}
 o - 3 chunks of flesh {@w0}


   Skills:
 + Level 5.4 Fighting
 + Level 5.3 Throwing
 + Level 3.6 Dodging
 - Level 0.7 Stealth


You had 2 spell levels left.
You didn't know any spells.

Dungeon Overview and Level Annotations

Branches:
Dungeon (1/1)

Altars:

Annotations:
D Crazy Yiuf


Innate Abilities, Weirdness & Mutations

You are too large for most types of armour.
You have tough skin (AC +1).


Message History

Welcome, esc the Ogre Hunter.
Found a staircase leading out of the dungeon.
An ooze comes into view.
A rat comes into view.
The ooze quivers.
The ooze barely misses you.
You hit the ooze. The ooze barely misses you. The rat misses you.
You hit the ooze. The ooze hits you but does no damage.
The rat closely misses you.
You hit the ooze.
You kill the ooze!
Your Fighting skill increases to level 3!
Your Dodging skill increases to level 2!
The rat closely misses you.
You hit the rat.
You kill the rat!
l - a ruby potion Health restored: 24 A rat comes into view.
The rat misses you.
You barely miss the rat. The rat bites you but does no damage.
You hit the rat.
You kill the rat!
Jessica the Apprentice Sorceress comes into view.
She is wielding a club.
Aim: Jessica, wielding a club and wearing a robe (resting)
You throw a large rock {!d}. The large rock {!d} hits Jessica!!
You kill Jessica!
Your Fighting skill gained 2 levels and is now at level 5!
Your Throwing skill increases to level 5!
Your Dodging skill increases to level 3!
You have reached level 2!
You have reached level 3!
Your experience leads to an increase in your attributes!
Increase (S)trength, (I)ntelligence, or (D)exterity?
You feel agile.
You feel stronger.
You regained 13 hp, and now have 37/42 hp.
MP restored: 3
a - 5 large rocks {!d} (gained 1);
m - a wand of digging
n - a smoky amethyst potion
Things that are here:
a club; a robe; the human corpse of Jessica You butcher the human corpse of Jessica.
o - 3 chunks of flesh {@w0}
Things that are here:
a club; a robe; the human skeleton of Jessica You aren't carrying any pieces of jewellery.
Unknown command.
You start resting.
Health restored: 42 A human comes into view.
The human shouts!
Aim: a human You throw a large rock {!d}.
The large rock {!d} closely misses the human.
Aim: a human You throw a large rock {!d}.
The large rock {!d} hits the human!!
You hear a shout!
Crazy Yiuf the Enlightened comes into view.
He is wielding a quarterstaff of chaos.
Aim: a human (severely wounded)
You throw a large rock {!d}.
The large rock {!d} closely misses the human.
The large rock {!d} barely misses Crazy Yiuf.
Aim: a human (severely wounded)
You throw a large rock {!d}.
The large rock {!d} hits the human but does no damage.
The human barely misses you.
Aim: Crazy Yiuf, wielding a quarterstaff of chaos and wearing a cloak You throw a large rock {!d}.
The large rock {!d} barely misses the human.
The large rock {!d} hits Crazy Yiuf!
The human hits you!
You take 10 damage, and have 32/42 hp.
MASSIVE DAMAGE!!
You barely miss the human. The human barely misses you.
You hit the human. The human hits you.
You take 6 damage, and have 27/42 hp.
Drink which item? (? for menu, Esc to quit)
Okay, then.
You barely miss Crazy Yiuf.
Crazy Yiuf hits you with a quarterstaff of chaos.
You take 4 damage, and have 23/42 hp.
You barely miss Crazy Yiuf. The human hits you but does no damage.
Crazy Yiuf barely misses you.
You hit Crazy Yiuf but do no damage. The human hits you.
Crazy Yiuf hits you with a quarterstaff of chaos.
You are poisoned.
You take 6 damage, and have 17/42 hp.
You closely miss Crazy Yiuf.
You feel sick. The human completely misses you.
Crazy Yiuf hits you with a quarterstaff of chaos!
* * * LOW HITPOINT WARNING * * *
You are more poisoned.
You take 15 damage, and have 2/42 hp.
MASSIVE DAMAGE!!
You hit Crazy Yiuf.
You die...

▓▓▓▓▓▓▓▓▓
▓<..#)..####
▓...#......##
▓..##.......#
▓##.##.##@p.# .#
##.##.###g.# .(#
▓#.####.##(.# ...+
▓.###..##..##
#...# ▓#.....##..#
#(...#
###..##).(##p....#
##..##...(#....g.#
#..###..##.# #..#
#..####


You could see a human and Crazy Yiuf.

Vanquished Creatures
  Jessica (D)
  An ooze (D)
  2 rats (D)
4 creatures vanquished.

Vanquished Creatures (others)
  A plant (D)
1 creature vanquished.

Grand Total: 5 creatures vanquished

Notes
Turn   | Place    | Note
--------------------------------------------------------------
     0 | D        | esc the Ogre Hunter began the quest for the Orb.
     0 | D        | Reached XP level 1. HP: 22/22 MP: 1/1
    12 | D        | Reached skill level 3 in Fighting
    12 | D        | Reached skill level 2 in Dodging
    34 | D        | Noticed Jessica
    35 | D        | Killed Jessica
    35 | D        | Reached skill level 5 in Fighting
    35 | D        | Reached skill level 5 in Throwing
    35 | D        | Reached skill level 3 in Dodging
    35 | D        | Reached XP level 2. HP: 31/35 MP: 2/2
    35 | D        | Reached XP level 3. HP: 37/42 MP: 3/3
    71 | D        | Noticed Crazy Yiuf
    86 | D        | HP: 2/42 [Crazy Yiuf/quarterstaff of chaos (14)]
    87 | D        | Succumbed to Crazy Yiuf's poison

Vault maps used:
D:        dungeon_sprint_mu

Action                   || total
-------------------------++-------
Melee: Short sword       ||    13
Throw: Large rock        ||     6

Vault maps used:
D:        dungeon_sprint_mu

Table legend:
 A = Turns spent in this place as a percentage of turns spent in the entire game.
 B = Non-inter-level travel turns spent in this place as a percentage of non-inter-level travel turns spent in the entire game.
 C = Inter-level travel turns spent in this place as a percentage of turns spent in this place.
 D = Turns resting spent in this place as a percentage of non-inter-level travel turns spent in this place.
 E = Turns spent auto-exploring this place as a percentage of non-inter-level travel turns spent in this place.
 F = Non-inter-level travel turns spent in this place divided by the number of levels of this place that you've seen.
                   A       B       C       D       E      F
               +-------+-------+-------+-------+-------+----------------------
         Total | 100.0 | 100.0 |   0.0 |   2.8 |   0.0 |  71.0
       Dungeon | 100.0 | 100.0 |   0.0 |   2.8 |   0.0 |  71.0
               +-------+-------+-------+-------+-------+----------------------

Table legend:
 A = Kills in this place as a percentage of kills in entire the game.
 B = Kills by you in this place as a percentage of kills by you in the entire game.
 C = Kills by friends in this place as a percentage of kills by friends in the entire game.
 D = Other kills in this place as a percentage of other kills in the entire game.
 E = Experience gained in this place as a percentage of experience gained in the entire game.
 F = Experience gained in this place divided by the number of levels of this place that you have seen.
                   A       B       C       D       E      F
               +-------+-------+-------+-------+-------+----------------------
         Total | 100.0 | 100.0 |  -nan |  -nan | 100.0 |  46.0
       Dungeon | 100.0 | 100.0 |  -nan |  -nan | 100.0 |  46.0
               +-------+-------+-------+-------+-------+----------------------
